 Dungeon Crawl Stone Soup version 0.28.0-45-g0d030f2227 (webtiles) character file.

Game seed: 6269626679653032427

4755 ultragoat the Nimble (level 10, -4/84 HPs)
             Began as a Merfolk Ice Elementalist on Mar 21, 2022.
             Was a Priest of Nemelex Xobeh.
             Slain by a centaur warrior
             ... wielding a +0 dagger
              (9 damage)
             ... on level 9 of the Dungeon on Apr 3, 2022.
             The game lasted 01:27:41 (12513 turns).

ultragoat the Nimble (Merfolk Ice Elementalist)    Turns: 12513, Time: 01:27:42

Health: -4/84      AC: 17    Str:  8    XL:     10   Next: 46%
Magic:  0/18       EV: 17    Int: 24    God:    Nemelex Xobeh [***...]
Gold:   276        SH:  5    Dex: 22    Spells: 4/20 levels left

rFire   x . .      SeeInvis .   (weapon currently unavailable)
rCold   + + +      Faith    .   (shield currently unavailable)
rNeg    . . .      Spirit   .   (armour currently unavailable)
rPois   +          Reflect  +   (helmet currently unavailable)
rElec   .          Harm     .   (cloak currently unavailable)
rCorr   .          Rampage  .   (gloves currently unavailable)
Will    .....                   (boots currently unavailable)
Stlth   +++.......              y - amulet of reflection
HPRegen 0.24/turn               d - +6 ring of dexterity
MPRegen 0.16/turn               E - +6 ring of intelligence

@: ice-armoured, ice-form, freezing walls, attractive, very slightly
contaminated, unable to read
A: freezing attack, boosted hp, large, (nimble swimmer 2), (mertail), inability
to read while threatened
a: End Transformation, Renounce Religion, Draw Escape, Draw Destruction, Draw
Summoning, Triple Draw


You were on level 9 of the Dungeon.
You worshipped Nemelex Xobeh.
Nemelex Xobeh was most pleased with you.
You were a creature of crystalline ice.
You visited 2 branches of the dungeon, and saw 10 of its levels.
You also visited: Ossuary.

You collected 570 gold pieces.
You spent 294 gold pieces at shops.

Inventory:

Hand Weapons
 b - a +2 spectral short sword
 c - the +2 rapier of the Unliving (melded) {flame, rCorr}
   (You found it on level 5 of the Dungeon)

   It burns those it strikes, dealing additional fire damage.
   rCorr:     It protects you from acid and corrosion.
Missiles
 k - 2 throwing nets
 v - 3 silver boomerangs
Armour
 a - a +0 robe
 i - +0 steam dragon scales
 j - a +2 robe of fire resistance (melded)
 u - a +1 pair of boots of rampaging (melded)
Jewellery
 d - a +6 ring of dexterity (left front paw)
 g - a ring of resist corrosion
 l - an amulet of faith
 y - an amulet of reflection (around neck)
 D - a ring of wizardry
 E - a +6 ring of intelligence (right front paw)
Wands
 e - a wand of flame (18)
 h - a wand of paralysis (4)
 m - a wand of digging (2)
 o - a wand of acid (3)
Scrolls
 n - 2 scrolls of teleportation
 q - a scroll of blinking
 t - 2 scrolls of silence
Potions
 f - 2 potions of magic
 r - a potion of invisibility
 s - a potion of lignification {unknown}
 z - 2 potions of ambrosia
 B - a potion of heal wounds {unknown}
 C - a potion of haste {unknown}


   Skills:
 + Level 3.1 Fighting
 - Level 6.6(6.7) Short Blades
 - Level 1.0(3.9) Long Blades
 + Level 9.8 Dodging
 - Level 3.2 Stealth
 - Level 5.8 Spellcasting
 * Level 4.0 Conjurations
 - Level 3.7 Transmutations
 - Level 7.8 Ice Magic
 - Level 1.2 Poison Magic
 - Level 4.1 Evocations


You had 4 spell levels left.
You knew the following spells:

 Your Spells              Type           Power      Damage    Failure   Level
a - Freeze                Ice            100%       1d11      1%          1
b - Ozocubu's Armour      Ice            44%        N/A       1%          3
c - Hailstorm             Conj/Ice       35%        3d9       7%          4
d - Frozen Ramparts       Ice            88%        1d10      1%          3
e - Sting                 Tmut/Pois      72%        1d6       3%          1
f - Ice Form              Ice/Tmut       34%        N/A       8%          4

Your spell library contained the following spells:

 Spells                   Type           Power      Damage    Failure   Level
 Shock                    Conj/Air       64%        1d7       3%          1
 Static Discharge         Conj/Air       16%        N/A       5%          2
 Poisonous Vapours        Pois/Air       20%        N/A       10%         2
 Conjure Flame            Conj/Fire      16%        6-21      11%         3
 Summon Ice Beast         Ice/Summ       25%        N/A       16%         4
 Gell's Gravitas          Tloc           7%         N/A       24%         3
 Inner Flame              Hex/Fire       7%         N/A       24%         3
 Tukima's Dance           Hex            7%         N/A       24%         3
 Sticky Flame             Conj/Fire      16%        2d4       34%         4
 Olgreb's Toxic Radiance  Pois           13%        N/A       43%         4
 Cause Fear               Hex            3%         N/A       63%         4
 Dispel Undead            Necr           7%         3d8       63%         4
 Passage of Golubria      Tloc           7%         N/A       63%         4
 Yara's Violent Unravell  Hex/Tmut       7%         3d5       71%         5
 Dragon Form              Tmut           12%        N/A       100%        7
 Malign Gateway           Summ/Tloc      3%         N/A       100%        7
 Discord                  Hex            3%         N/A       100%        8
 Summon Horrible Things   Summ           3%         N/A       100%        8
 Dragon's Call            Summ           3%         N/A       100%        9


Dungeon Overview and Level Annotations

Branches:
Dungeon (9/15)             Temple (1/1) D:5         Ossuary (visited)
   Lair: D:8-11         Orc: D:9-12

Altars:
Ashenzari
Cheibriados
Dithmenos
Elyvilon
Fedhas
Gozag
Hepliaklqana
Kikubaaqudgha
Makhleb
Nemelex Xobeh
Okawaru
Qazlal
Ru
Sif Muna
Trog
Uskayaw
Wu Jian
Xom
Yredelemnul
Zin
The Shining One

Shops:
D:2 [   D:4 [

Annotations:
D:6 Dowan


Innate Abilities, Weirdness & Mutations

You are a creature of crystalline ice.
You have a powerful freezing melee attack.
Your maximum health is increased.
Your armour is entirely melded.
You are incapable of wielding weapons or throwing items.
((You are very nimble when in or above water. (Stealth+, EV+, Speed+++)))
((Your lower body shifts to a powerful aquatic tail in water.))
You sometimes lose the ability to read scrolls when taking damage.


Message History

You can't see any susceptible monsters within range! (Use Z to cast anyway.)
Casting: Hailstorm (dangerous; 7% risk of failure)
Confirm with . or Enter, or press ? or * to list all spells.
You don't know that spell.
Unknown command.
Casting: Hailstorm (dangerous; 7% risk of failure)
Confirm with . or Enter, or press ? or * to list all spells.
Aiming: Sting (safe; 3% risk of failure)
Press: ? - help, Shift-Dir - straight line, f - centaur warrior
Aim: a centaur warrior, wielding a +0 dagger and quivering arrows (moderately wounded, 81% to hit)
Okay, then.
Okay, then.
Casting: Sting (safe; 3% risk of failure)
Confirm with . or Enter, or press ? or * to list all spells.
Okay, then.
You cannot read scrolls in your current state!
Okay, then.
Casting: Sting (safe; 3% risk of failure)
Confirm with . or Enter, or press ? or * to list all spells.
Okay, then.
Casting: Sting (safe; 3% risk of failure)
Confirm with . or Enter, or press ? or * to list all spells.
Okay, then.
Casting: Sting (safe; 3% risk of failure)
Confirm with . or Enter, or press ? or * to list all spells.
You turn into a creature of crystalline ice.
The +2 rapier of the Unliving {flame, rCorr} melds into your body.
Your +1 pair of boots of rampaging melds into your body.
Your +2 robe of fire resistance melds into your body.
The +2 rapier of the Unliving {flame, rCorr} stops flaming.
You no longer feel able to rampage towards enemies.
You feel less resistant to fire.
The centaur warrior looks more healthy.
The wall freezes the centaur warrior.
The centaur warrior closely misses you. You block the centaur warrior's attack.
The centaur warrior barely misses you.
The centaur warrior kicks you but does no damage.
The wall freezes the howler monkey!
The howler monkey misses you.
The wall freezes the centaur warrior!
The centaur warrior hits you with a +0 dagger!
You die...
Your body glows with a rainbow of weird colours and disappears.

'.... ...##...### #
## ### #..##...>.#
#.##. ..##..##.....#
'.... .'..........#
.#.... #...####'###
..####.
#..##...###.....h..
###.##h.##......#
######
....§.cY........# ♣
......c.##...#### ♣
.###....###'##### .
.#############......#
♣
.......#.......)....#
.......#....#.#######
#..#'##.#♣♣.♣♣
####..#.#♣...♣#
#.....#.....#


You could see 2 centaur warriors and a howler monkey.

Vanquished Creatures
  A hornet (D:8)
  Sigmund (D:4)
  2 wyverns (D:9)
  A yak (D:9)
  2 steam dragons (D:7)
  An acid dragon (D:9)
  3 water moccasins
  3 orc warriors
  3 sky beasts (D:7)
  A necrophage (D:5)
  An ogre (D:6)
  3 centaurs
  A phantom (D:6)
  4 bullfrogs
  A scorpion (D:6)
  2 wyvern zombies
  10 killer bees
  4 electric eels
  3 hounds
  3 howler monkeys
  4 centaur zombies
  A bullfrog zombie (D:6)
  A jelly (D:6)
  2 bullfrog skeletons
  4 orc priests
  4 mummies (Ossuary)
  Ijyb (D:3)
  2 iguanas
  4 orc wizards
  2 killer bee zombies (D:6)
  A gnoll (D:1)
  2 adders
  2 shadow imps
  A white imp (D:6)
  An ufetubus (D:5)
  An adder skeleton (D:4)
  2 dart slugs
  21 orcs
  7 ball pythons
  6 endoplasms
  A giant cockroach (D:2)
  7 goblins
  5 hobgoblins
  7 kobolds
  4 quokkas
  6 bats
  3 frilled lizards (D:1)
  5 rats
157 creatures vanquished.

Vanquished Creatures (collateral kills)
  A steam dragon (D:7)
  A sky beast (D:7)
2 creatures vanquished.

Vanquished Creatures (others)
  A steam dragon (D:7)
  A phantom (D:7)
  2 fungi (D:1)
  42 plants
  A withered plant (Ossuary)
47 creatures vanquished.

Grand Total: 206 creatures vanquished

Notes
Turn   | Place    | Note
-------+----------+-------------------------------------------
     0 | D:1      | ultragoat the Merfolk Ice Elementalist began the quest for
                  | the Orb.
     0 | D:1      | Reached XP level 1. HP: 13/13 MP: 3/3
   315 | D:1      | Reached skill level 3 in Dodging
   315 | D:1      | Reached XP level 2. HP: 6/19 MP: 1/5
   850 | D:1      | Reached XP level 3. HP: 15/25 MP: 1/6
  1056 | D:1      | Found a faded altar of an unknown god.
  1588 | D:2      | Learned a level 3 spell: Ozocubu's Armour
  1617 | D:2      | Found a white marble altar of Elyvilon.
  2329 | D:2      | Found Ytzenuhi's Antique Armour Boutique.
  2334 | D:2      | Bought a runed robe for 96 gold pieces
  2662 | D:3      | Reached skill level 1 in Fighting
  2662 | D:3      | Reached skill level 1 in Short Blades
  2662 | D:3      | Reached XP level 4. HP: 18/32 MP: 1/7
  2941 | D:3      | Noticed Ijyb
  2948 | D:3      | Paralysed by Ijyb for 4 turns
  2955 | D:3      | Killed Ijyb
  3068 | D:3      | Reached XP level 5. HP: 31/37 MP: 7/9
  3214 | D:3      | Gained mutation: You sometimes lose the ability to read
                  | scrolls when taking damage. [potion of mutation]
  3858 | D:4      | Noticed Sigmund
  3919 | D:4      | Found Sierphonu's Armour Shop.
  3931 | D:5      | Entered Level 5 of the Dungeon
  3931 | D:5      | Found a staircase to the Ecumenical Temple.
  3941 | Temple   | Entered the Ecumenical Temple
  4203 | Temple   | Became a worshipper of Nemelex Xobeh the Trickster
  4221 | D:5      | Found a transporter.
  4244 | D:5      | Found a transporter.
  4263 | D:5      | Reached skill level 5 in Ice Magic
  4266 | D:5      | Reached skill level 4 in Dodging
  4590 | D:5      | Reached XP level 6. HP: 38/44 MP: 5/10
  4646 | D:5      | Learned a level 4 spell: Hailstorm
  4742 | D:5      | Noticed a necrophage
  4750 | D:5      | Killed a necrophage
  4902 | D:5      | Identified the +2 rapier of the Unliving {flame, rCorr}
  4930 | D:5      | Reached skill level 1 in Evocations
  5022 | D:5      | Learned a level 3 spell: Frozen Ramparts
  5104 | D:4      | Killed Sigmund
  5105 | D:4      | Reached skill level 1 in Long Blades
  5105 | D:4      | Reached skill level 5 in Dodging
  5105 | D:4      | Reached XP level 7. HP: 40/50 MP: 11/13
  5376 | D:4      | Got Beiverel's Guide on the Excruciating Compass
  5721 | D:5      | Reached skill level 6 in Dodging
  6209 | D:6      | Reached * piety under Nemelex Xobeh
  6259 | D:4      | Bought a +1 pair of boots of rampaging for 198 gold pieces
  6468 | D:6      | Found a sand-covered staircase.
  6477 | Ossuary  | Entered an ossuary
  6556 | Ossuary  | Reached XP level 8. HP: 24/56 MP: 14/14
  6980 | D:6      | Reached skill level 5 in Spellcasting
  6993 | D:6      | Learned a level 1 spell: Sting
  7253 | D:6      | Reached skill level 7 in Dodging
  7386 | D:6      | Noticed Dowan
  7583 | D:6      | Noticed Duvessa
  7701 | D:7      | Reached skill level 1 in Transmutations
  7701 | D:7      | Reached skill level 1 in Poison Magic
  7816 | D:7      | Received a gift from Nemelex Xobeh
  7919 | D:7      | You fall into a shaft and drop 1 floor!
  7924 | D:8      | Noticed a hornet
  8449 | D:8      | Reached XP level 9. HP: 61/61 MP: 16/16
  8523 | D:8      | Reached ** piety under Nemelex Xobeh
  8541 | D:8      | Paralysed by a hornet for 3 turns
  8684 | D:7      | Received a gift from Nemelex Xobeh
  9128 | D:7      | Reached skill level 8 in Dodging
  9131 | D:7      | Reached skill level 5 in Short Blades
  9774 | D:7      | Learned a level 4 spell: Ice Form
  9869 | D:8      | Killed a hornet
 10277 | D:9      | Noticed a centaur warrior
 10536 | D:6      | Noticed Duvessa
 10536 | D:6      | Duvessa changed into Duvessa the bullfrog
 10538 | D:6      | Killed Duvessa the bullfrog
 10563 | D:6      | Reached skill level 1 in Conjurations
 10759 | D:6      | Reached XP level 10. HP: 47/67 MP: 14/18
 11004 | D:6      | Reached *** piety under Nemelex Xobeh
 11195 | D:6      | Reached skill level 9 in Dodging
 12341 | D:9      | Upgraded the game from 0.28.0-43-g3370ac3207 to
                  | 0.28.0-45-g0d030f2227
 12504 | D:9      | Noticed a centaur warrior
 12513 | D:9      | Slain by a centaur warrior

Illustrated notes

Levels and vault maps discovered:
D:1:      elethiomel_arrival_infinity_welcomes_careful_drivers, layout_basic,
          shapermc_ecumenical_altar_acropolis, minmay_stone_trees_small
D:2:      layout_basic, serial_shops, shop, basic_altar, minmay_pentomino_t2
D:3:      layout_loops_ring, uniq_ijyb
D:4:      layout_cave_pools, nicolae_stop_n_shop_2, uniq_sigmund
D:5:      gammafunk_steamed_eel, layout_rooms, minmay_temple_entry_arrows
D:6:      layout_layer_cave, serial_glass, glass_columns_b, glass_columns_a,
          glass_columns_b, glass_columns_a, glass_columns_b, glass_columns_b,
          enter_ossuary_3, nicolae_water_bricks, minivault_5, uniq_duvessa
D:7:      layout_basic, hangedman_misty_isle
D:8:      layout_basic
D:9:      nzn_winding_woodlands_cross [nzn_winding_woodlands_5x15_parted,
          nzn_winding_woodlands_5x15_crooked, nzn_winding_woodlands_5x15_jagged,
          nzn_winding_woodlands_5x15_sidewinder,
          nzn_winding_woodlands_15x15_five_gardens], layout_gridville,
          grunt_tough_drop
Temple:   dpeg_three_leaves_temple

Skill      XL: |  1  2  3  4  5  6  7  8  9 10 |
---------------+-------------------------------+-----
Dodging        | 3 4 5 6 7 8 9 |  9.8
Stealth        | 3 |  3.2
Fighting       | 1 2 3 |  3.1
Short Blades   | 1 2 3 4 6 |  6.6
Spellcasting   | 3 4 5 |  5.8
Ice Magic      | 5 6 7 |  7.8
Evocations     | 1 2 3 4 |  4.1
Long Blades    | 1 |  1.0
Transmutations | 1 3 |  3.7
Poison Magic   | 1 |  1.2
Conjurations   | 1 4 |  4.0

Action                   |  1- 3 |  4- 6 |  7- 9 | 10-12 || total
-------------------------+-------+-------+-------+-------++-------
Melee: Unarmed           |     2 |       |     6 |    99 ||   107
       Short sword       |    39 |    26 |       |       ||    65
       Punch             |     1 |     1 |     4 |       ||     6
       Rapier            |       |     2 |   184 |    16 ||   202
 Cast: Freeze            |    46 |    40 |    21 |       ||   107
       Ozocubu's Armour  |       |       |     2 |     3 ||     5
       Sting             |       |       |     5 |    10 ||    15
       Ice Form          |       |       |     1 |     6 ||     7
       Frozen Ramparts   |       |       |       |     3 ||     3
Invok: Draw Destruction  |       |       |     7 |       ||     7
       Draw Escape       |       |       |     1 |       ||     1
       Draw Summoning    |       |       |     1 |       ||     1
Evoke: Wand              |       |    20 |    57 |     5 ||    82
  Use: Scroll            |     2 |     8 |     8 |     1 ||    19
       Potion            |       |     1 |     6 |     1 ||     8
 Stab: Sleeping          |       |     1 |     3 |     1 ||     5
       Paralysed         |       |       |     2 |       ||     2
       Distracted        |       |       |     1 |       ||     1
Armor: Robe              |    10 |    10 |    79 |     8 ||   107
       Skin              |       |       |       |    21 ||    21
Dodge: Dodged            |    53 |    50 |   259 |   119 ||   481
Block: Other             |       |       |     9 |    39 ||    48
       Reflection        |       |       |     1 |     2 ||     3
